 Dungeon Crawl Stone Soup version 0.13-a0-2537-g1f6edf4 (webtiles) character file.

36 Kae the Firebug (level 2, -7/15 HPs)
             Began as a Tengu Fire Elementalist on July 27, 2013.
             Mangled by a gnoll
             ... wielding a +0,+0 short sword
              (15 damage)
             ... on Level 1 of the Dungeon.
             The game lasted 00:00:42 (383 turns).

Kae the Firebug (Tengu Fire Elementalist)            Turns: 383, Time: 00:00:42

HP  -7/15        AC  2     Str  8      XL: 2   Next: 25%
MP   3/5         EV 12     Int 15      God:
Gold 25          SH  0     Dex 14      Spells:  2 memorised,  0 levels left

Res.Fire  : . . .   See Invis. : .   (no weapon)
Res.Cold  : . . .   Warding    : .   a - +0 robe
Life Prot.: . . .   Conserve   : .   (no shield)
Res.Poison: .       Res.Corr.  : .   (helmet restricted)
Res.Elec. : .       Clarity    : .   (no cloak)
Sust.Abil.: . .     Spirit.Shd : .   (no gloves)
Res.Mut.  : .       Stasis     : .   (boots unavailable)
Res.Rott. : .       Flight     : .   (no amulet)
Saprovore : . . .                    (no ring)
                                     (no ring)

@: not resistant to hostile enchantments, fairly stealthy
A: beak, talons 3
a: no special abilities


You were on level 1 of the Dungeon.
You were not hungry.

You visited 1 branch of the dungeon, and saw 1 of its levels.

You collected 5 gold pieces.

Inventory:

Armour
 a - a +0 robe (worn)
Comestibles
 c - a bread ration
 i - a meat ration
Scrolls
 d - 2 scrolls of identify {unknown}
 e - a scroll of noise {unknown}
Potions
 f - a potion of slowing {unknown}
 g - a potion of magic {unknown}
 h - a potion of curing {unknown}
Books
 b - a book of Flames

   Spells                             Type                      Level
   *Flame Tongue                      Conjuration/Fire             1
   *Throw Flame                       Conjuration/Fire             2
   Conjure Flame                      Conjuration/Fire             3
   Inner Flame                        Hexes/Fire                   3
   Sticky Flame                       Conjuration/Fire             4
   Fireball                           Conjuration/Fire             5


   Skills:
 - Level 2.1 Dodging
 - Level 2.0 Stealth
 + Level 1.3 Spellcasting
 * Level 2.3 Conjurations
 + Level 3.4 Fire Magic


You couldn't memorise any spells.
You knew the following spells:

 Your Spells              Type           Power        Failure   Level  Hunger
a - Flame Tongue          Conj/Fire      #....        10%         1    ##.....
b - Throw Flame           Conj/Fire      #.....       12%         2    ###....


Dungeon Overview and Level Annotations

Branches:
Dungeon (1/27)

Altars:


Innate Abilities, Weirdness & Mutations

You have a beak for a mouth.
You have claws for feet.


Message History

You closely miss the bat. Your kick misses the bat.
The bat completely misses you. The bat barely misses you.
The gnoll drinks a potion.
The gnoll seems to grow stronger.
You hit the bat but do no damage. You claw the bat.
The bat is moderately wounded.
The bat hits you but does no damage. The bat hits you. The bat hits you.
The bat misses you.
The gnoll picks up a short sword.
The gnoll wields a short sword.
The bat hits you but does no damage. The bat closely misses you.
The bat hits you but does no damage.
You barely miss the bat. The bat hits you. The bat barely misses you.
You closely miss the bat. Your peck misses the bat.
The bat hits you but does no damage. The bat hits you but does no damage.
The bat closely misses you. The gnoll hits you with a short sword!
Ouch! That really hurt!
You die...

#.##.######.# # ######.
#.#.#.......###### #.
#......##..%.g...# #.
###..#.##...####.# ######.
###......##...####.####
.......
.......####...#.......#
#####..
###.#.........#.##.##.# #
#..... #.########(....g.#
###.##.##.. #.# ##..b@..#
......##.. #...#
######.#### #.......#
#...# #........# ######.%.
#...# #..###.#.# #.##
#...# #..##..#.# #.##
##...#####......#.# ..
#.##
..................###....
#.##
[..............##)........
#... ...............##.#
####


You could see a gnoll and a bat.

Vanquished Creatures
  An ooze (D:1)
  2 bats (D:1)
  2 giant cockroaches (D:1)
  A kobold (D:1)
  A goblin (D:1)
  2 rats (D:1)
9 creatures vanquished.

Notes
Turn   | Place    | Note
--------------------------------------------------------------
     0 | D:1      | Kae, the Tengu Fire Elementalist, began the quest for the Orb.
     0 | D:1      | Reached XP level 1. HP: 10/10 MP: 3/3
   214 | D:1      | Reached XP level 2. HP: 12/15 MP: 1/5
   271 | D:1      | Learned a level 2 spell: Throw Flame
   383 | D:1      | Mangled by a gnoll

Action                   || total
-------------------------++-------
Melee: Unarmed           ||    24
 Cast: Flame Tongue      ||    16
